 Dungeon Crawl Stone Soup version 0.18.1-1-g2f07953 (webtiles) character file.

24719 FarmerKarma the Martial Artist (level 12, 0/96 HPs)
             Began as a Mummy Monk on June 9, 2016.
             Slain by a manticore (14 damage)
             ... on level 11 of the Dungeon on June 10, 2016.
             The game lasted 02:07:23 (33433 turns).

FarmerKarma the Martial Artist (Mummy Monk)        Turns: 33433, Time: 02:07:24

Health: 0/96       AC: 14    Str: 16    XL:     12   Next: 83%
Magic:  12/12      EV: 18    Int: 11    God:
Gold:   883        SH:  0    Dex: 16    Spells: 0 memorised, 11 levels left

rFire  x . .     SeeInvis .       - Unarmed
rCold  + . .     Gourm    .     (no armour)
rNeg   + + +     Faith    .     (no shield)
rPois  ∞         Spirit   .     i - +2 helmet
rElec  .         Dismiss  .     h - +1 cloak
rCorr  .         Reflect  .     a - +1 pair of gloves
SustAt .         Harm     .     b - +2 pair of boots
MR     +....                    (no amulet)
Stlth  +++.......               c - +1 ring of evasion
                                d - +4 ring of protection

@: manticore barbs, somewhat resistant to hostile enchantments, fairly stealthy
A: no food or potions, fire vulnerability, cold resistance 1, negative energy
resistance 3, torment resistance, unbreathing
a: no special abilities


You were on level 11 of the Dungeon.
You were not hungry.

You visited 4 branches of the dungeon, and saw 19 of its levels.

You collected 883 gold pieces.

Inventory:

Armour
 a - a +1 pair of gloves (worn)
 b - a +2 pair of boots (worn)
 h - a +1 cloak (worn)
 i - a +2 helmet (worn)
 l - a +0 buckler
Jewellery
 c - a +1 ring of evasion (right hand)
 d - a +4 ring of protection (left hand)
Scrolls
 e - 4 scrolls of remove curse
 g - 4 scrolls of identify
 j - a scroll of vulnerability {!r!r}
 m - a scroll of immolation {!r}
Miscellaneous
 o - a phantom mirror
Comestibles
 k - 3 fruits (quivered)


   Skills:
 + Level 9.4 Fighting
 - Level 8.0 Dodging
 - Level 4.1 Stealth
 * Level 14.5 Unarmed Combat


You had 11 spell levels left.
You didn't know any spells.

Dungeon Overview and Level Annotations

Branches:
Dungeon (12/15)            Temple (1/1) D:7            Lair (5/8) D:9
    Orc (1/2) D:9
  Swamp: Lair:3-6    Shoals: Lair:3-6     Snake: Lair:3-6    Spider: Lair:3-6

Altars:
Ashenzari
Cheibriados
Dithmenos
Elyvilon
Fedhas
Gozag
Kikubaaqudgha
Makhleb
Nemelex Xobeh
Okawaru
Pakellas
Qazlal
Ru
Sif Muna
Trog
Vehumet
Xom
Yredelemnul
Zin
The Shining One
Beogh

Shops:
D:6 :   D:7 (

Annotations:
D:3 Terence
D:7 Prince Ribbit
D:11 exclusions: cyclops and door
Lair:3 exclusion: swamp dragon


Innate Abilities, Weirdness & Mutations

You do not eat or drink.
Your flesh is vulnerable to fire.
You are immune to poison.
Your flesh is cold resistant.
You are immune to negative energy.
You are immune to unholy pain and torment.
You can survive without breathing.


Message History

You hit the orc priest but do no damage.
You punch the orc priest!
You kill the orc priest!
A centaur comes into view.
Unknown command.
Things that are here:
a mace; a chain mail The orc shouts!
The centaur shouts!
You hear a shout! x2
The centaur wields a shortbow.
The centaur shoots an arrow.
The arrow misses you.
You see here an arrow.
Things that are here:
a mace; a chain mail The orc misses you.
You punch the orc!
You kill the orc!
The centaur shoots an arrow.
The arrow hits you.
Unknown command.
The centaur unwields an uncursed shortbow.
The centaur misses you.
You see here a hand axe.
Unknown command.
You hit the centaur but do no damage.
The centaur hits you but does no damage.
You punch the centaur!
The centaur is heavily wounded.
The centaur closely misses you.
You hit the centaur. You punch the centaur!
You kill the centaur!
Things that are here:
an uncursed shortbow; 4 arrows; a centaur corpse You start resting.
HP restored.
Unknown command.
Unknown command.
g - 4 scrolls of identify (gained 1)
There is an open door here.
You see here a flail.
There is an open door here.
The manticore is too close now for your liking.
Read which item? (? for menu, Esc to quit)
Okay, then.
Unknown command.
The manticore flicks its tail.
The volley of spikes hits you!
The barbed spikes become lodged in your body.
The barbs in your skin will harm you if you move.
Continue?
The barbed spikes dig painfully into your body as you move.
The manticore flicks its tail.
The volley of spikes hits you!
The barbed spikes become lodged in your body.
Unknown command.
The manticore flicks its tail.
The volley of spikes hits you!
The barbed spikes become lodged in your body.
* * * LOW HITPOINT WARNING * * *
Read which item? (? for menu, Esc to quit)
Okay, then.
Unknown command.
The manticore flicks its tail.
The volley of spikes hits you!
The barbed spikes become lodged in your body.
* * * LOW HITPOINT WARNING * * *
Unknown command.
You punch the manticore!
The manticore is moderately wounded.
The manticore bites you!
* * * LOW HITPOINT WARNING * * *
The manticore misses you. The manticore claws you.
* * * LOW HITPOINT WARNING * * *
Unknown command.
You punch the manticore!
The manticore is moderately wounded.
The manticore bites you!
* * * LOW HITPOINT WARNING * * *
The manticore claws you but does no damage.
The manticore misses you.
Unknown command.
You barely miss the manticore.
The manticore is moderately wounded.
Unknown command.
You punch the manticore!
The manticore is heavily wounded.
The manticore barely misses you. The manticore closely misses you.
The manticore claws you!
* * * LOW HITPOINT WARNING * * *
Unknown command.
Read which item? (? for menu, Esc to quit)
Okay, then.
Unknown command.
Unknown command.
You hit the manticore.
The manticore is severely wounded.
The manticore barely misses you. The manticore closely misses you.
The manticore claws you but does no damage.
Unknown command.
You hit the manticore.
The manticore is severely wounded.
The manticore bites you!
You die...

÷...............###......####....
................# #..............
................# #...........[..
..!........#############.........
...........# #.......#####....
...........# #................
...........######................
...........#.....................
.##.......)'....@H......'''......
.##......###............###......
.##......# #............# #......
.##......# #............# #......
.##......# ############## #......
.##......# #...... ###......#
#...... #......# #...... #......#
###+###


You could see a manticore.

Vanquished Creatures
  Sonja (D:10)
  A black mamba (Lair:3)
  A gargoyle (D:11)
  11 spiny frogs
  11 komodo dragons
  2 rime drakes
  The ghost of Geoffrax the Insei, a novice TeMo of Gozag (D:5)
  A kobold demonologist (D:12)
  2 polar bears (Lair:3)
  6 blink frogs
  3 basilisks
  19 yaks
  A hog (D:7)
  2 wyverns
  A human (D:7)
  5 hippogriffs
  3 hungry ghosts
  9 water moccasins
  6 porcupines
  3 ice beasts
  An orc warrior (D:9)
  2 sky beasts
  A black bear (Lair:3)
  3 necrophages
  6 wolves
  4 phantoms
  5 ogres
  14 crocodiles
  5 centaurs
  6 big kobolds
  Blork the orc (D:6)
  A wyvern zombie (D:9)
  20 giant frogs
  2 scorpions
  6 killer bees (D:10)
  3 wights (D:7)
  A howler monkey (D:11)
  4 electric eels
  4 crimson imps
  2 centaur zombies
  3 jellies
  4 quasits
  A giant frog zombie (D:7)
  7 hounds
  11 orc priests
  A giant frog skeleton (D:9)
  19 orc wizards
  Jessica (D:8)
  5 iguanas
  8 worker ants
  A killer bee zombie (D:11)
  4 sheep
  A mummy (D:6)
  2 worker ant zombies
  A gnoll (D:1)
  13 adders
  50 river rats
  7 shadow imps
  An adder skeleton (D:9)
  A worm (D:4)
  3 giant geckos
  48 orcs
  2 ball pythons
  7 bats
  10 goblins
  8 hobgoblins
  21 jackals
  31 kobolds
  9 quokkas
  A giant gecko skeleton (D:4)
  7 giant newts
  5 rats
  A bush (Lair:2)
  A plant (D:7)
475 creatures vanquished.

Vanquished Creatures (others)
  A bush (Lair:3)
  18 fungi
  20 plants
39 creatures vanquished.

Grand Total: 514 creatures vanquished

Notes
Turn   | Place    | Note
--------------------------------------------------------------
     0 | D:1      | FarmerKarma the Mummy Monk began the quest for the Orb.
     0 | D:1      | Reached XP level 1. HP: 18/18 MP: 1/1
   461 | D:1      | Reached XP level 2. HP: 18/24 MP: 2/2
  1081 | D:1      | Reached skill level 4 in Unarmed Combat
  1381 | D:1      | Reached XP level 3. HP: 29/29 MP: 3/3
  2385 | D:2      | Found a white marble altar of Elyvilon.
  2858 | D:2      | Found a white marble altar of Elyvilon.
  3044 | D:3      | Noticed Terence
  3452 | D:3      | Reached XP level 4. HP: 21/35 MP: 4/4
  3455 | D:3      | Found a faded altar to an unknown god.
  3932 | D:3      | Reached skill level 5 in Unarmed Combat
  4452 | D:3      | Reached XP level 5. HP: 41/41 MP: 5/5
  4687 | D:3      | Found a sacrificial altar of Ru.
  5045 | D:3      | Found a deep blue altar of Sif Muna.
  5045 | D:3      | Found a basalt altar of Yredelemnul.
  5049 | D:3      | Found a burning altar of Makhleb.
  5393 | D:3      | Reached skill level 6 in Unarmed Combat
  5817 | D:4      | Reached XP level 6. HP: 36/47 MP: 6/6
  7106 | D:5      | Entered Level 5 of the Dungeon
  7131 | D:5      | Reached XP level 7. HP: 38/53 MP: 7/7
  7556 | D:5      | Noticed Geoffrax's ghost (novice TeMo)
  7821 | D:5      | Reached skill level 4 in Fighting
  7821 | D:5      | Reached skill level 7 in Unarmed Combat
  8749 | D:5      | Reached skill level 2 in Stealth
  8944 | D:6      | Reached XP level 8. HP: 59/61 MP: 8/8
  9300 | D:5      | Reached skill level 8 in Unarmed Combat
  9316 | D:5      | Reached skill level 5 in Fighting
  9480 | D:6      | Found Biakaymm's Book Shoppe.
  9496 | D:6      | Found a snail-covered altar of Cheibriados.
  9687 | D:6      | Noticed Blork the orc
  9719 | D:6      | Reached skill level 3 in Stealth
 10011 | D:6      | Found an ancient bone altar of Kikubaaqudgha.
 10870 | D:7      | Found Suoror's Weapon Boutique.
 10918 | D:7      | Reached skill level 6 in Fighting
 10946 | D:7      | Noticed Prince Ribbit
 10994 | D:8      | Reached XP level 9. HP: 69/69 MP: 9/9
 11064 | D:8      | Reached skill level 9 in Unarmed Combat
 11544 | D:8      | Reached skill level 3 in Dodging
 11752 | D:8      | Found an opulent altar of Gozag.
 11837 | D:8      | Noticed Jessica
 11850 | D:8      | Killed Jessica
 11860 | D:8      | Found a deep blue altar of Sif Muna.
 12016 | D:7      | Found a staircase to the Ecumenical Temple.
 12039 | Temple   | Entered the Ecumenical Temple
 13091 | D:7      | Reached skill level 7 in Fighting
 13679 | D:7      | Reached skill level 4 in Dodging
 13679 | D:7      | Reached skill level 10 in Unarmed Combat
 13830 | D:6      | Killed Blork the orc
 14359 | D:7      | Reached XP level 10. HP: 56/79 MP: 10/10
 14621 | D:5      | Killed Geoffrax's ghost
 15601 | D:9      | Found a staircase to the Lair.
 15975 | D:9      | Found a staircase to the Orcish Mines.
 16253 | Lair:1   | Entered Level 1 of the Lair of Beasts
 16700 | Lair:1   | Noticed a spiny frog
 16731 | Lair:1   | HP: 17/80 [spiny frog (21)]
 17162 | Lair:2   | Reached skill level 8 in Fighting
 17381 | D:10     | Entered Level 10 of the Dungeon
 17404 | D:9      | Reached skill level 5 in Dodging
 17570 | Lair:1   | Reached skill level 4 in Stealth
 18639 | D:11     | Noticed Sonja
 19069 | D:10     | Reached skill level 11 in Unarmed Combat
 20429 | D:11     | Noticed a manticore
 20518 | D:11     | Noticed a cyclops
 20607 | D:10     | Killed Sonja
 20607 | D:10     | Reached XP level 11. HP: 70/86 MP: 11/11
 20737 | D:11     | Reached skill level 6 in Dodging
 21159 | D:11     | Noticed a red ugly thing
 21678 | Lair:2   | Noticed a five-headed hydra
 22032 | Lair:1   | Reached skill level 12 in Unarmed Combat
 23475 | Lair:2   | Reached skill level 7 in Dodging
 24265 | Lair:3   | HP: 9/86 [komodo dragon (14)]
 25374 | Lair:2   | Reached skill level 13 in Unarmed Combat
 25761 | Lair:3   | Reached XP level 12. HP: 54/94 MP: 12/12
 26546 | Lair:3   | Reached skill level 9 in Fighting
 30074 | Lair:3   | Reached skill level 14 in Unarmed Combat
 30950 | Lair:3   | Reached skill level 8 in Dodging
 31057 | Lair:4   | Noticed a five-headed hydra
 31542 | Lair:4   | Noticed a death yak
 31542 | Lair:4   | Noticed a death yak
 31542 | Lair:4   | Noticed a death yak
 31542 | Lair:4   | Noticed a death yak
 31543 | Lair:4   | Noticed a death yak
 31543 | Lair:4   | Noticed a death yak
 31560 | Lair:4   | Noticed a catoblepas
 32556 | Orc:1    | Entered Level 1 of the Orcish Mines
 32592 | Orc:1    | Found a roughly hewn altar of Beogh.
 33429 | D:11     | HP: 22/96 [manticore (9)]
 33433 | D:11     | Slain by a manticore

Skill      XL: |  1  2  3  4  5  6  7  8  9 10 11 12 |
---------------+-------------------------------------+-----
Unarmed Combat | 4 5 6 7 8 10 11 13 14 | 14.5
Fighting       | 4 6 7 8 9 |  9.4
Stealth        | 2 3 4 |  4.1
Dodging        | 4 5 7 8 |  8.0

Action                   |  1- 3 |  4- 6 |  7- 9 | 10-12 || total
-------------------------+-------+-------+-------+-------++-------
Melee: Unarmed           |   208 |   254 |   611 |  1459 ||  2532
       Punch             |     7 |     7 |    27 |    90 ||   131
  Use: Scroll            |       |     3 |     5 |    18 ||    26
 Stab: Sleeping          |     2 |       |     2 |    11 ||    15
       Distracted        |       |       |       |     2 ||     2
Armor: Skin              |    19 |    58 |   181 |   340 ||   598
Dodge: Dodged            |   134 |   140 |   322 |   957 ||  1553

Vault maps used:
D:1:      dpeg_arrival_tiny_j, dk_noncrumbling_4
D:2:      lemuel_round_altar, elyvilon_altar_3
D:3:      grunt_temple_overflow_open, ecumenical_altar_2, minmay_fountain_box,
          uniq_terence
D:4:      first_bread
D:6:      overflow_temple_1_default, slow_altar_1, serial_shops,
          nicolae_shop_statue_plus, uniq_blork_the_orc
D:7:      minmay_temple_entry_overgrown, serial_shops, shop_fountains,
          grunt_livestock, uniq_prince_ribbit1
D:8:      grunt_gozag_breadcrumbs, tgw_sif
D:9:      lair_0_dummy, orc_0_dummy
D:10:     statuecave_lemuel, serial_bayou_crossing
D:11:     uniq_sonja
Temple:   circular_temple_12
Lair:1:   hangedman_lair_generics_rect, serial_bayou_shore_b
Lair:3:   gammafunk_lair_bear_cave, hibernation_bobbens, serial_bayou_shore_a
Lair:4:   nicolae_spider_entry_orb_guardian, uniq_urug
Lair:5:   swamp_mist_pool, grunt_megastairs_3, serial_bayou_shore_b,
          serial_bayou_shore_b
Orc:1:    basic_altar, guppyfry_library_mini, uniq_gastronok, uniq_maud

Table legend:
 A = Turns spent in this place as a percentage of turns spent in the entire game.
 B = Non-inter-level travel turns spent in this place as a percentage of non-inter-level travel turns spent in the entire game.
 C = Inter-level travel turns spent in this place as a percentage of turns spent in this place.
 D = Turns resting spent in this place as a percentage of non-inter-level travel turns spent in this place.
 E = Turns spent auto-exploring this place as a percentage of non-inter-level travel turns spent in this place.
 F = Non-inter-level travel turns spent in this place divided by the number of levels of this place that you've seen.
                   A       B       C       D       E      F
               +-------+-------+-------+-------+-------+----------------------
         Total | 100.0 | 100.0 |   0.7 |   4.2 |   2.6 | 586.5
       Dungeon |  58.9 |  58.8 |   0.9 |   4.0 |   3.5 | 546.2
        Temple |   0.1 |   0.1 |   6.7 |   0.0 |  85.7 |  14.0
          Lair |  40.2 |  40.4 |   0.3 |   4.5 |   1.1 | 900.2
  Orcish Mines |   0.7 |   0.7 |   0.0 |   0.0 |   2.7 |  75.0
               +-------+-------+-------+-------+-------+----------------------

Table legend:
 A = Kills in this place as a percentage of kills in entire the game.
 B = Kills by you in this place as a percentage of kills by you in the entire game.
 C = Kills by friends in this place as a percentage of kills by friends in the entire game.
 D = Other kills in this place as a percentage of other kills in the entire game.
 E = Experience gained in this place as a percentage of experience gained in the entire game.
 F = Experience gained in this place divided by the number of levels of this place that you have seen.
                   A       B       C       D       E      F
               +-------+-------+-------+-------+-------+----------------------
         Total | 100.0 | 100.0 |  -nan |  -nan | 100.0 | 1858.6
       Dungeon |  65.5 |  65.5 |  -nan |  -nan |  34.4 | 1012.0
          Lair |  33.8 |  33.8 |  -nan |  -nan |  65.6 | 4632.0
  Orcish Mines |   0.6 |   0.6 |  -nan |  -nan |   0.0 |   9.0
               +-------+-------+-------+-------+-------+----------------------
